 Dungeon Crawl Stone Soup version 0.21-a0-351-g38363bb (webtiles) character file.

77 4thArraOfDagon the Skirmisher (level 4, -12/44 HPs)
             Began as an Ogre Enchanter on Oct 9, 2017.
             Was an Initiate of Ashenzari.
             Mangled by Crazy Yiuf
             ... wielding a +4 quarterstaff of chaos
              (13 damage)
             ... on level 3 of the Dungeon.
             The game lasted 00:06:38 (1941 turns).

4thArraOfDagon the Skirmisher (Ogre Enchanter)      Turns: 1941, Time: 00:06:39

Health: -12/44     AC:  7    Str: 17    XL:     4   Next: 34%
Magic:  7/7        EV: 18    Int: 17    God:    Ashenzari [......]
Gold:   161        SH:  0    Dex:  9    Spells: 6/7 levels left

rFire    + + .     SeeInvis .   (weapon currently unavailable)
rCold    + + .     Gourm    .   (shield currently unavailable)
rNeg     + + +     Faith    .   (armour currently unavailable)
rPois    ∞         Spirit   .   (helmet currently unavailable)
rElec    +         Reflect  .   (cloak currently unavailable)
rCorr    +         Harm     .   (gloves unavailable)
MR       .....                  (boots unavailable)
Stlth    ++........             (amulet currently unavailable)
HPRegen  0.14/turn              (ring currently unavailable)
MPRegen  0.10/turn              (ring currently unavailable)

@: mighty, wisp-form, flying, very slightly contaminated, slowed, invisible
(expiring), slow
A: unfitting armour
a: Curse Item, Renounce Religion


You were on level 3 of the Dungeon.
You worshipped Ashenzari.
Ashenzari was noncommittal.
You were not hungry.
You were an insubstantial wisp.
You visited 1 branch of the dungeon, and saw 3 of its levels.

You collected 161 gold pieces.

Inventory:

Hand Weapons
 a - a +1 dagger
 i - a +0 club
 p - a +0 whip
 u - a +0 mace (melded)
Armour
 b - a +0 robe
 g - +0 fire dragon scales (melded)
Scrolls
 h - 2 scrolls of teleportation
 k - a scroll of immolation {unknown}
 q - a scroll of fog
Potions
 e - 2 potions of brilliance {unknown}
 l - a potion of lignification
 m - a potion of ambrosia {unknown}
 n - a potion of haste
 r - a potion of might
 t - a potion of flight {unknown}
Books
 c - a book of Maledictions

   Spells                             Type                      Level
   a - Corona                         Hexes                        1
   b - Ensorcelled Hibernation        Hexes/Ice                    2
   c - Confuse                        Hexes                        3
   d - Tukima's Dance                 Hexes                        3
   e - Dazzling Spray                 Conjuration/Hexes            3
Comestibles
 d - 4 bread rations
 o - 2 meat rations


   Skills:
 + Level 2.8 Fighting
 - Level 0.8 Short Blades
 * Level 2.1 Maces & Flails
 + Level 1.2 Armour
 - Level 1.7 Dodging
 - Level 2.1 Stealth
 - Level 2.4 Spellcasting
 - Level 2.6 Hexes


You had 6 spell levels left.
You knew the following spells:

 Your Spells              Type           Power        Failure   Level  Hunger
a - Corona                Hex            ##.....      6%          1    #......


Dungeon Overview and Level Annotations

Branches:
Dungeon (3/15)

Altars:
Ashenzari
Gozag

Annotations:
D:3 Crazy Yiuf


Innate Abilities, Weirdness & Mutations

You are too large for most types of armour.
((You have tough skin. (AC +1)))


Message History

Crazy Yiuf is severely wounded.
Crazy Yiuf hits you with a quarterstaff of chaos. x2
You feel yourself slow down.
Unknown command.
Unknown command.
Crazy Yiuf waves his quarterstaff at you.
Crazy Yiuf hits you with a quarterstaff of chaos.
* * * LOW HITPOINT WARNING * * *
Unknown command.
Unknown command.
You feel very mighty all of a sudden.
You flicker for a moment.
Crazy Yiuf hits you with a quarterstaff of chaos!
* * * LOW HITPOINT WARNING * * *
You turn into an insubstantial wisp.
Your +0 mace melds into your body.
Your +0 fire dragon scales melds into your body.
Crazy Yiuf misses you.
Unknown command.
Unknown command.
Crazy Yiuf hits you with a quarterstaff of chaos!
You die...

..........#
#....#
...########
#####
#....# ...#
#)..#
####[...#
#### #...#
#.......#
...
###.....#
#'#
###.#+###
#.##
#.....#
##g#
#.#####
#v## #.#
##.# #.#
##.## #.#
##...# #.#
#....# #.#
##..## #.#
#....###.#
#........#
##...#####


You could see Crazy Yiuf.

Vanquished Creatures
  3 adders (D:3)
  A shadow imp (D:3)
  2 dart slugs
  A leopard gecko (D:3)
  A giant cockroach (D:1)
  8 goblins
  2 hobgoblins
  5 kobolds
  A ball python (D:2)
  7 bats
  8 rats
39 creatures vanquished.

Notes
Turn   | Place    | Note
-------+----------+-------------------------------------------
     0 | D:1      | 4thArraOfDagon the Ogre Enchanter began the quest for the Orb.
     0 | D:1      | Reached XP level 1. HP: 16/16 MP: 3/3
    64 | D:2      | Reached skill level 1 in Fighting
   186 | D:1      | Found a shattered altar of Ashenzari.
   187 | D:1      | Reached XP level 2. HP: 20/28 MP: 5/5
   201 | D:1      | Became a worshipper of Ashenzari the Shackled
   204 | D:1      | h
   563 | D:1      | Reached skill level 1 in Maces & Flails
  1031 | D:3      | Reached XP level 3. HP: 20/35 MP: 6/6
  1068 | D:3      | Found an opulent altar of Gozag.
  1584 | D:2      | Reached skill level 1 in Armour
  1672 | D:3      | Reached XP level 4. HP: 44/44 MP: 4/7
  1779 | D:3      | Found a runed door.
  1922 | D:3      | Noticed Crazy Yiuf
  1925 | D:3      | Paralysed by Crazy Yiuf for 3 turns
  1930 | D:3      | Paralysed by Crazy Yiuf for 6 turns
  1940 | D:3      | HP: 1/44 [Crazy Yiuf/quarterstaff of chaos (10)]
  1941 | D:3      | Mangled by Crazy Yiuf

Vault maps used:
D:1:      ncdulo_lavacross, serial_park_tiny_1, evilmike_ruin_ashenzari
D:2:      minmay_tromino_mix6
D:3:      grunt_gozag_statues, first_bread, nrook_loot_triangle,
          uniq_crazy_yiuf_cottage

Skill      XL: |  1  2  3  4 |
---------------+-------------+-----
Fighting       | 1 2 |  2.8
Maces & Flails | 1 2 |  2.1
Armour         | 1 |  1.2
Short Blades   | |  0.8
Dodging        | |  1.7
Stealth        | |  2.1
Spellcasting   | |  2.4
Hexes          | |  2.6

Action                   |  1- 3 |  4- 6 || total
-------------------------+-------+-------++-------
Melee: Dagger            |   131 |       ||   131
       Club              |     7 |       ||     7
       Whip              |    28 |       ||    28
       Mace              |    14 |    26 ||    40
 Cast: Corona            |    10 |     5 ||    15
  Use: Scroll            |     1 |     3 ||     4
       Potion            |       |     2 ||     2
 Stab: Sleeping          |     1 |       ||     1
  Eat: Chunk             |     3 |       ||     3
       Fruit             |       |     2 ||     2
       Royal jelly       |       |     1 ||     1
Armor: Robe              |    23 |       ||    23
       Fire dragon scale |   128 |    18 ||   146
       Skin              |       |    11 ||    11
Dodge: Dodged            |    75 |    14 ||    89

Table legend:
 A = Spawn XP
 B = Non-spawn XP
 C = Spawn XP percentage of total XP
 D = Spawn monster count
 E = Non-spawn monster count
 F = Spawn count percentage of total count
 G = Total turns spent on level
                    A         B        C        D         E        F      G
               +---------+---------+-------+---------+---------+-------+---------
         Total |       0 |     111 |   0.0 |       0 |      39 |   0.0 |  1941
               +---------+---------+-------+---------+---------+-------+---------
           D:1 |       0 |      25 |   0.0 |       0 |      14 |   0.0 |   937
           D:2 |       0 |      17 |   0.0 |       0 |      12 |   0.0 |   435
           D:3 |       0 |      69 |   0.0 |       0 |      13 |   0.0 |   569
               +---------+---------+-------+---------+---------+-------+---------
